 Dungeon Crawl Stone Soup version 0.21.0-3-g78d12a8bdd (webtiles) character file.

3938 Manul the Covert (level 10, -1/73 HPs)
             Began as a Demonspawn Assassin on Jan 13, 2018.
             Was a Priest of Uskayaw.
             Slain by Erica
             ... wielding a +1 scimitar of flaming
              (8 damage)
             ... on level 8 of the Dungeon.
             The game lasted 00:12:04 (7256 turns).

Manul the Covert (Demonspawn Assassin)              Turns: 7256, Time: 00:12:04

Health: -1/73      AC: 13    Str: 15    XL:     10   Next: 1%
Magic:  14/14      EV: 14    Int: 12    God:    Uskayaw [***...]
Gold:   287        SH:  0    Dex: 18    Spells: 4/9 levels left

rFire    . . .     SeeInvis +   B - +3 dagger (venom)
rCold    + . .     Gourm    .   (no shield)
rNeg     + . .     Faith    .   C - +3 leather armour {rC+}
rPois    .         Spirit   .   l - +0 helmet
rElec    .         Reflect  .   d - +0 cloak
rCorr    .         Harm     .   (no gloves)
MR       .....                  a - +0 pair of boots
Stlth    ++++......             S - amulet of rage
HPRegen  0.22/turn              A - ring of positive energy
MPRegen  0.14/turn              y - ring "Luengy" {+Fly Str+3 SInv}

@: lethally poisoned (-1 -> -8), slowed, very slow
A: claws 2, thin metallic scales 2, spiny 1
a: Stomp, Line Pass, Renounce Religion, Evoke Berserk Rage, Evoke Flight


You were on level 8 of the Dungeon.
You worshipped Uskayaw.
Uskayaw was noncommittal.
You were hungry.

You visited 2 branches of the dungeon, and saw 9 of its levels.

You collected 287 gold pieces.

Inventory:

Hand Weapons
 b - a +0 blowgun
 f - a +2 quarterstaff of chaos
 B - a +3 dagger of venom (weapon)
 E - a +2 dagger of venom
Missiles
 e - 24 poisoned needles
 n - 2 curare-tipped needles
Armour
 a - a +0 pair of boots (worn)
 d - a +0 cloak (worn)
 l - a +0 helmet (worn)
 C - a +3 leather armour of cold resistance (worn)
Jewellery
 y - the ring "Luengy" (right claw) {+Fly Str+3 SInv}
   (You found it on level 5 of the Dungeon)

   [ring of flight]

   It affects your strength (+3).
   It lets you see invisible.
   It lets you fly.
 A - a ring of positive energy (left claw)
 O - a cursed amulet of regeneration
 S - an amulet of rage (around neck)
Wands
 u - a wand of random effects (36)
 I - a wand of flame (61)
 J - a wand of paralysis (9)
 M - a wand of polymorph (7)
Scrolls
 c - a scroll of vulnerability {unknown}
 h - 2 scrolls of amnesia {unknown}
 i - 4 scrolls of teleportation {unknown}
 k - 3 scrolls of remove curse {unknown}
 m - 3 scrolls of identify
 q - 3 scrolls of immolation
 r - 2 scrolls of enchant weapon {unknown}
 t - 2 scrolls of noise {unknown}
 v - a scroll of enchant armour
 L - a scroll of random uselessness {unknown}
Potions
 p - 5 potions of flight
 s - a potion of haste
 x - 4 potions of degeneration {unknown}
 z - 2 potions of agility {unknown}
 D - 2 potions of lignification {unknown}
 G - a potion of berserk rage {unknown}
 K - a potion of brilliance
 N - 2 potions of mutation {unknown}
 P - 2 potions of ambrosia {unknown}
 R - a potion of magic {unknown}
Books
 o - a book of Minor Magic

   Spells                             Type                      Level
   a - Magic Dart                     Conjuration                  1
   b - Blink                          Translocation                2
   c - Call Imp                       Summoning                    2
   d - Slow                           Hexes                        2
   e - Conjure Flame                  Conjuration/Fire             3
   f - Mephitic Cloud                 Conjuration/Poison/Air       3
 Q - a book of Misfortune

   Spells                             Type                      Level
   a - Confusing Touch                Hexes                        1
   b - Confuse                        Hexes                        3
   c - Gell's Gravitas                Translocation                3
   d - Petrify                        Transmutation/Earth          4
   e - Metabolic Englaciation         Hexes/Ice                    5
   f - Yara's Violent Unravelling     Hexes/Transmutation          5
Comestibles
 g - 9 rations


   Skills:
 + Level 4.9 Fighting
 + Level 6.2 Short Blades
 - Level 0.3 Staves
 - Level 2.2 Throwing
 + Level 5.0 Armour
 + Level 3.8 Dodging
 + Level 8.8 Stealth
 * Level 6.5 Invocations
 + Level 0.1 Evocations


You had 4 spell levels left.
You knew the following spells:

 Your Spells              Type           Power        Failure   Level  Hunger
a - Blink                 Tloc           N/A          52%         2    ###....
b - Confuse               Hex            #.......     75%         3    ####...


Dungeon Overview and Level Annotations

Branches:
Dungeon (8/15)             Temple (1/1) D:4
   Lair: D:8-11

Altars:
Ashenzari
Cheibriados
Dithmenos
Elyvilon
Fedhas
Gozag
Hepliaklqana
Kikubaaqudgha
Makhleb
Nemelex Xobeh
Okawaru
Qazlal
Ru
Sif Muna
Trog
Uskayaw
Vehumet
Wu Jian
Xom
Yredelemnul
Zin
The Shining One

Annotations:
D:3 Peloso's ghost, amateur MiFi
D:8 Erica


Innate Abilities, Weirdness & Mutations

You have very sharp fingernails.
You are mostly covered in thin metallic scales. (AC +3)
You are partially covered in sharp spines.


Message History

You hit Erica but do no damage.
Erica looks as sick as possible!
Erica is heavily wounded.
Erica mumbles some strange words.
Erica flickers and vanishes for a moment.
You are too injured to fight recklessly!
You hit Erica.
Erica looks as sick as possible!
Erica is heavily wounded.
Erica is struck by your spines. Erica hits you but does no damage.
You hit Erica but do no damage.
Erica looks as sick as possible!
Erica is severely wounded.
Erica points at you and mumbles some strange words.
The bolt of poison hits you!
You are poisoned.
* * * LOW HITPOINT WARNING * * *
You hit Erica.
Erica is severely wounded.
* * * LOW HITPOINT WARNING * * *
You feel sick.
Erica hits you with a scimitar of flaming!
You die...

. ..... ## .#.## .. ....
#...#.#
#.#...###...#.#########
# .......#...#.........#
...#.........#.........#
.#.......#...#.........#
........)..............#
....?###@.####.........#
##. #.@###..........#
#..##...##.##########
#.....†....#
#.#.......## #.........#
###.......# #......##
#......# #....?..


You could see Erica (invisible).

Vanquished Creatures
  Pikel (D:7)
  Psyche (D:8)
  The ghost of zkobry the Cutter, an amateur HOEn of Sif Muna (D:5)
  Grum (D:8)
  Edmund (D:6)
  Duvessa (D:6)
  3 sky beasts
  2 black bears
  4 ogres
  2 ice beasts
  2 wolves (D:8)
  A phantom (D:5)
  A centaur (D:5)
  A big kobold (D:7)
  A bullfrog (D:7)
  A water moccasin zombie (D:7)
  2 scorpions (D:4)
  Dowan (D:6)
  2 howler monkeys
  A crimson imp (D:6)
  An orc priest (D:5)
  3 hounds
  3 jellies
  Crazy Yiuf (D:4)
  4 orc wizards
  Natasha (twice) (D:2)
  Terence (D:2)
  An iguana (D:6)
  5 worker ants
  A killer bee zombie (D:5)
  A hound skeleton (D:6)
  A howler monkey skeleton (D:7)
  9 adders
  7 gnolls
  2 shadow imps
  2 oozes (D:4)
  2 adder zombies
  2 adder skeletons (D:4)
  A worm (D:3)
  8 dart slugs
  3 leopard geckos
  12 orcs
  7 giant cockroaches
  7 goblins
  9 hobgoblins
  7 jackals
  7 quokkas
  2 ball pythons
  6 bats
  5 frilled lizards
  9 kobolds
  3 rats
  A butterfly (D:2)
165 creatures vanquished.

Notes
Turn   | Place    | Note
-------+----------+-------------------------------------------
     0 | D:1      | Manul the Demonspawn Assassin began the quest for the Orb.
     0 | D:1      | Reached XP level 1. HP: 16/16 MP: 1/1
   217 | D:1      | Gained mutation: You are partially covered in sharp spines. [demonic ancestry]
   217 | D:1      | Reached XP level 2. HP: 22/22 MP: 2/2
   338 | D:1      | Reached skill level 4 in Stealth
   517 | D:1      | Reached skill level 1 in Dodging
   677 | D:2      | Found a shimmering altar of Xom.
   690 | D:2      | Reached XP level 3. HP: 27/27 MP: 3/3
   833 | D:2      | Noticed Terence
   851 | D:2      | Killed Terence
   932 | D:2      | Noticed Natasha
   939 | D:2      | Reached XP level 4. HP: 27/34 MP: 4/4
   945 | D:2      | Killed Natasha
  1040 | D:2      | Reached skill level 5 in Stealth
  1130 | D:2      | Noticed Natasha
  1140 | D:2      | Killed Natasha
  1140 | D:2      | Gained mutation: You are partially covered in thin metallic scales. (AC +2) [demonic ancestry]
  1140 | D:2      | Reached XP level 5. HP: 28/39 MP: 5/5
  1274 | D:3      | Noticed Peloso's ghost (amateur MiFi)
  1909 | D:4      | Noticed an ogre
  1973 | D:4      | Reached skill level 1 in Armour
  2472 | D:4      | Found a runed door.
  2476 | D:4      | Noticed Crazy Yiuf
  2498 | D:4      | Killed Crazy Yiuf
  2717 | D:4      | Killed an ogre
  2717 | D:4      | Gained mutation: You have sharp fingernails. [demonic ancestry]
  2717 | D:4      | Reached XP level 6. HP: 46/46 MP: 6/6
  2891 | D:4      | Found a staircase to the Ecumenical Temple.
  2933 | Temple   | Entered the Ecumenical Temple
  3113 | Temple   | Became a worshipper of Uskayaw the Reveler
  3125 | D:4      | Reached * piety under Uskayaw
  3160 | D:4      | Reached ** piety under Uskayaw
  3376 | D:4      | Reached *** piety under Uskayaw
  3627 | D:4      | Reached XP level 7. HP: 49/52 MP: 7/7
  3949 | D:3      | You fall through a shaft!
  4145 | D:5      | Entered Level 5 of the Dungeon
  4176 | D:5      | Reached skill level 6 in Stealth
  4251 | D:5      | Found a blossoming altar of Fedhas.
  4279 | D:5      | Noticed zkobry's ghost (amateur HOEn)
  4295 | D:5      | Killed zkobry's ghost
  4295 | D:5      | Reached skill level 1 in Invocations
  4295 | D:5      | Gained mutation: You have very sharp fingernails. [demonic ancestry]
  4295 | D:5      | Reached XP level 8. HP: 57/60 MP: 7/9
  4579 | D:5      | Got a translucent granite ring
  4718 | D:5      | Identified the ring "Luengy" {+Fly Str+3 SInv} (You found it on level 5 of the Dungeon)
  5084 | D:5      | Reached skill level 5 in Short Blades
  5196 | D:5      | Found a sparkling altar of Nemelex Xobeh.
  5197 | D:5      | Found an opulent altar of Gozag.
  5283 | D:6      | Noticed Edmund
  5288 | D:6      | Killed Edmund
  5588 | D:6      | Noticed Duvessa
  5588 | D:6      | Noticed Dowan
  5600 | D:6      | Killed Dowan
  5600 | D:6      | Reached skill level 7 in Stealth
  5601 | D:6      | Gained mutation: You are mostly covered in thin metallic scales. (AC +3) [demonic ancestry]
  5601 | D:6      | Reached XP level 9. HP: 62/66 MP: 12/12
  5605 | D:6      | Reached **** piety under Uskayaw
  5621 | D:6      | Killed Duvessa
  5893 | D:6      | Found a shadowy altar of Dithmenos.
  5893 | D:6      | Found a bloodstained altar of Trog.
  6180 | D:7      | Found a radiant altar of Vehumet.
  6298 | D:7      | Noticed Pikel
  6301 | D:7      | Killed Pikel
  6301 | D:7      | Reached skill level 5 in Invocations
  6460 | D:7      | Reached skill level 8 in Stealth
  6524 | D:7      | Learned a level 2 spell: Blink
  6528 | D:7      | Learned a level 3 spell: Confuse
  6873 | D:8      | Noticed Psyche
  6881 | D:8      | Noticed Grum
  6899 | D:8      | Killed Psyche
  6925 | D:8      | Reached skill level 5 in Armour
  6929 | D:8      | Killed Grum
  7233 | D:8      | Noticed Erica
  7242 | D:8      | Reached XP level 10. HP: 64/73 MP: 14/14
  7256 | D:8      | Slain by Erica

Skill      XL: |  1  2  3  4  5  6  7  8  9 |
---------------+----------------------------+-----
Stealth        | 4 5 6 7 8 |  8.8
Short Blades   | 2 3 4 5 6 |  6.2
Dodging        | 1 2 3 |  3.8
Armour         | 1 2 3 4 5 |  5.0
Throwing       | 2 |  2.2
Fighting       | 3 4 |  4.9
Invocations    | 1 4 6 |  6.5
Staves         | |  0.3
Evocations     | |  0.1

Action                   |  1- 3 |  4- 6 |  7- 9 | 10-12 || total
-------------------------+-------+-------+-------+-------++-------
Melee: Dagger            |    73 |   245 |   301 |    11 ||   630
       Quarterstaff      |       |     3 |    12 |       ||    15
 Fire: Blowgun           |       |    10 |     1 |       ||    11
Invok: Stomp             |       |       |     1 |       ||     1
Evoke: Wand              |       |       |     6 |       ||     6
  Use: Potion            |       |     5 |     3 |       ||     8
       Scroll            |       |     4 |     3 |       ||     7
 Stab: Sleeping          |     7 |     5 |    20 |       ||    32
       Invisible         |       |     2 |       |       ||     2
       Distracted        |       |     1 |     1 |       ||     2
       Paralysed         |       |       |    10 |       ||    10
  Eat: Chunk             |       |     5 |    11 |       ||    16
       Ration            |       |     1 |       |       ||     1
Armor: Robe              |     2 |       |       |       ||     2
       Ring mail         |    17 |    54 |    45 |       ||   116
       Leather armour    |       |       |    51 |     1 ||    52
Dodge: Dodged            |    24 |    73 |   122 |     3 ||   222
